 Dungeon Crawl Stone Soup version 0.30.1-11-g7821555f0a (webtiles) character file.

Game seed: 15806716886662448926

18 pkoi the Insei (level 2, -5/26 HPs)
             Began as a Draconian Monk on Oct 27, 2023.
             Killed by nerve-wracking pain
             ... invoked by Jessica
              (11 damage)
             ... on level 2 of the Dungeon.
             The game lasted 00:00:49 (1003 turns).

pkoi the Insei (Draconian Monk)                     Turns: 1003, Time: 00:00:49

Health: -5/26      AC:  8    Str: 13    XL:     2   Next: 48%
Magic:  2/2        EV: 12    Int: 10    God:
Gold:   40         SH:  0    Dex: 13    Spells: 1/1 levels left

rFire   . .          .
                       - Unarmed
rCold   . . .        b - orb {light}
rNeg    . . .        (body armour unavailable)
rPois   .            (helmet restricted)
rElec   .            (no cloak)
rCorr   .            (no gloves)
SInv    .            (no boots)
Will    .....        (no amulet)
Stlth   +            j - +4 ring of protection
HPRegen 0.24/turn    (no ring)
MPRegen 0.08/turn

%: no passive effects
@: glowing
A: AC +4, unfitting armour, cold-blooded
a: no special abilities


You were on level 2 of the Dungeon.
You visited 1 branch of the dungeon, and saw 2 of its levels.

You collected 40 gold pieces.

Inventory:

Hand Weapons
 m - a +0 short sword
Armour
 b - an orb of light (worn)
 l - a +0 cloak
Jewellery
 d - a ring of ice
 j - a +4 ring of protection (left hand)
Scrolls
 c - a scroll of identify {unknown}
 e - a scroll of amnesia {unknown}
 i - a scroll of summoning {unknown}
Potions
 a - 2 potions of ambrosia
 g - a potion of magic {unknown}
 h - a potion of degeneration {unknown}


   Skills:
 - Level 3.2 Fighting
 - Level 2.6 Dodging
 + Level 3.9 Unarmed Combat


You had one spell level left.
You didn't know any spells.
Your spell library was empty.

Dungeon Overview and Level Annotations

Branches:
Dungeon (2/15)

Altars:

Annotations:
D:2 Jessica


Innate Abilities, Weirdness & Mutations

Your plain brown scales are hard. (AC +4)
You cannot fit into any form of body armour.
You are cold-blooded and may be slowed by cold attacks.


Message History

Jessica misses you. The adder closely misses you. Jessica misses you.
The adder closely misses you. Jessica casts a spell at you.
You resist with some effort.
You completely miss the adder. The adder bites you but does no damage.
Jessica misses you. The adder bites you. Jessica completely misses you.
You closely miss the adder. Jessica closely misses you.
The adder bites you but does no damage. Jessica hits you but does no damage.
The adder bites you but does no damage.
You hit Jessica.
Jessica is almost dead.
Jessica gestures wildly while chanting.
Jessica blinks!
The adder bites you. x2
Jessica barely misses you.
Jessica points at you and mumbles some strange words.
Pain shoots through your body!
Jessica mumbles some strange words.
Jessica blinks!
You hit the adder.
The adder is moderately wounded.
The adder misses you. The adder bites you.
You hit the adder.
The adder is moderately wounded.
The adder closely misses you. The adder bites you.
Jessica casts a spell.
Jessica blinks!
You hit the adder.
The adder is heavily wounded.
You feel yourself speed up. The adder barely misses you.
The adder bites you but does no damage. Jessica gestures at you while chanting.
Pain shoots through your body!
* * * LOW HITPOINT WARNING * * *
You closely miss the adder.
The adder is heavily wounded.
The adder bites you but does no damage.
Jessica looks very angry.
Jessica points at you and mumbles some strange words.
Pain shoots through your body!
You die...

...... ..<......... ....
.[.......... ....
............ ...
###.#....### ..#
#.#....# #.# #.#....#
#.# ###.#....# #S#
##........###
.#####@####...........#
...@...............###.#
..######.###...........#
#.####.....#.....
#.##....#..#.#..#
#.#.#......(.#..#
#..###..#.......# ##.##
##.##.###.## #.##
##.......##


You could see an adder and Jessica (fast).

Vanquished Creatures
  2 endoplasms (D:2)
  A giant cockroach (D:2)
  3 goblins
  2 hobgoblins (D:1)
  3 kobolds
  A ball python (D:1)
  A bat (D:1)
  A frilled lizard (D:1)
  3 rats
17 creatures vanquished.

Notes
Turn   | Place    | Note
-------+----------+-------------------------------------------
     0 | D:1      | pkoi the Draconian Monk began the quest for the Orb.
     0 | D:1      | Reached XP level 1. HP: 19/19 MP: 1/1
   273 | D:1      | Found a faded altar of an unknown god.
   501 | D:1      | Reached XP level 2. HP: 23/26 MP: 2/2
   988 | D:2      | Noticed Jessica
  1003 | D:2      | Killed from afar by Jessica

Illustrated notes

Levels and vault maps discovered:
D:1:      saegor_arrival_simple_a, layout_loops_ring, basic_ecumenical_altar,
          minmay_misc_feat_tiny
D:2:      layout_loops_cross, basic_altar, uniq_jessica

Action                     || total
---------------------------++-------
  Melee: Unarmed           ||    55
         Tailslap          ||     6
    Use: Potion            ||     2
 Armour: Skin              ||    15
  Dodge: Dodged            ||    30
